 Dungeon Crawl Stone Soup version 0.20.1-1-g8b1a95d (webtiles) character file.

65 Mitsuki the Skirmisher (level 4, -1/40 HPs)
             Began as a Hill Orc Fighter on Oct 13, 2017.
             Slain by a kobold
             ... wielding a +0 whip
              (2 damage)
             ... on level 2 of the Dungeon.
             The game lasted 00:02:32 (1428 turns).

Mitsuki the Skirmisher (Hill Orc Fighter)           Turns: 1428, Time: 00:02:33

Health: -1/40      AC:  7    Str: 19    XL:     4   Next: 13%
Magic:  4/4        EV:  7    Int:  8    God:
Gold:   61         SH:  9    Dex: 10    Spells: 3/3 levels left

rFire    . . .     SeeInvis .   a - +0 long sword
rCold    . . .     Gourm    .   c - +0 shield
rNeg     . . .     Faith    .   b - +0 scale mail
rPois    .         Spirit   .   (no helmet)
rElec    .         Reflect  .   (no cloak)
rCorr    .         Harm     .   (no gloves)
MR       .....                  (no boots)
Stlth    ..........             (no amulet)
Regen    0.2/turn               (no ring)
MPRegen  0.1/turn               (no ring)

@: no status effects
A: no striking features
a: no special abilities


You were on level 2 of the Dungeon.
You were hungry.

You visited 1 branch of the dungeon, and saw 2 of its levels.

You collected 61 gold pieces.

Inventory:

Hand Weapons
 a - a +0 long sword (weapon)
Armour
 b - a +0 scale mail (worn)
 c - a +0 shield (worn)
Scrolls
 g - 2 scrolls of teleportation {unknown}
 i - 4 scrolls of identify {unknown}
 m - 2 scrolls of recharging {unknown}
 n - a scroll of fear {unknown}
 o - a scroll of enchant armour {unknown}
 p - a scroll of remove curse {unknown}
Potions
 d - 2 potions of might
 e - a potion of lignification {unknown}
 h - a potion of haste {unknown}
 k - 2 potions of heal wounds {unknown}
 l - a potion of berserk rage {unknown}
 q - 2 potions of cancellation {unknown}
 r - a potion of invisibility {unknown}
 s - a potion of agility {unknown}
Comestibles
 f - 3 bread rations
 j - 6 fruits


   Skills:
 + Level 4.2 Fighting
 + Level 2.9 Long Blades
 + Level 3.8 Armour
 + Level 4.0 Shields


You had 3 spell levels left.
You didn't know any spells.

Dungeon Overview and Level Annotations

Branches:
Dungeon (2/15)

Altars:

Annotations:
D:2 Sigmund


Message History

You miss something.
You hear a zap.
A puff of flame appears from out of thin air!
The puff of flame hits you!
* * * LOW HITPOINT WARNING * * *
You block the kobold's attack. Something hits you.
* * * LOW HITPOINT WARNING * * *
You barely miss something. You block the kobold's attack. x2
Something hits you.
* * * LOW HITPOINT WARNING * * *
You miss something. The kobold hits you but does no damage.
You miss something. Something hits you.
* * * LOW HITPOINT WARNING * * *
You block the kobold's attack. The kobold hits you with a whip.
* * * LOW HITPOINT WARNING * * *
Your shield and scale mail prevent you from hitting something.
You hear some strange, mumbled words.
Something tries to affect you, but you resist.
The kobold hits you with a whip.
You die...

#.###.##...## #)............
#.##........# #..#.......#..
#.##........####..##.....##...
#.##..........##..###...## ..
#...........#..#.## #..##
...#........##...# ..#
..##.............# ##
#.##........###..#
#..#........# ##@##
#...........# #.{K#
...)........###.#K#
#.#..#######....#w..#
#.#..)#####..#####..#
#.(.......## .... #..(####....
..... #...(....# .>.....
#...###### .......


You could see a worm and 2 kobolds.

Vanquished Creatures
  2 adders (D:2)
  2 dart slugs (D:1)
  3 leopard geckos
  A ball python (D:1)
  4 giant cockroaches
  4 hobgoblins (D:1)
  A quokka (D:2)
  5 bats
  2 frilled lizards
  5 goblins
  6 kobolds
  4 rats (D:1)
39 creatures vanquished.

Notes
Turn   | Place    | Note
-------+----------+-------------------------------------------
     0 | D:1      | Mitsuki the Hill Orc Fighter began the quest for the Orb.
     0 | D:1      | Reached XP level 1. HP: 19/19 MP: 1/1
   181 | D:1      | Reached XP level 2. HP: 27/27 MP: 2/2
   455 | D:1      | Reached XP level 3. HP: 33/33 MP: 3/3
  1027 | D:2      | Reached XP level 4. HP: 12/40 MP: 4/4
  1401 | D:2      | Noticed Sigmund
  1427 | D:2      | HP: 1/40 [kobold/whip (3)]
  1428 | D:2      | Slain by a kobold

Skill      XL: |  1  2  3 |
---------------+----------+-----
Fighting       | 4 |  4.2
Shields        | 4 |  4.0
Long Blades    | |  2.9
Armour         | |  3.8

Action                   |  1- 3 |  4- 6 || total
-------------------------+-------+-------++-------
Melee: Long sword        |    98 |    28 ||   126
  Eat: Chunk             |     1 |       ||     1
Armor: Scale mail        |    39 |    15 ||    54
Dodge: Dodged            |    27 |    10 ||    37
Block: Shield            |    57 |    13 ||    70
       Rpst.: Long sword |    13 |     4 ||    17
